[Event "Early-Titled-Tuesday-Blitz-July-09-2024"]
[Site "Chess.com"]
[Date "2024.07.09"]
[Round "2"]
[White "AlbusSevresPotter"]
[Black "DarkPassenger007"]
[Result "1-0"]
[WhiteElo "2602"]
[BlackElo "2361"]
[TimeControl "180+1"]
[EndTime "8:18:11 PDT"]
[Termination "AlbusSevresPotter won on time"]

1. e4 c5 2. Nf3 d6 3. a3 Nf6 4. Nc3 g6 5. b4 cxb4 6. axb4 Bg7 7. Bb5+ Bd7 8. Qe2 O-O 9. O-O Nc6 10. Bxc6 Bxc6 11.
Rb1 a6 12. d3 b5 13. Bb2 Qb6 14. Na2 Nh5 15. Bxg7 Kxg7 16. Qd2 Rac8 17. Nc1 Rc7 18. Nb3 Rfc8 19. Rfc1 Bd7 20. Ra1 e5 21. g3 Be6 22.
Na5 Bg4 23. Ne1 Bh3 24. Ra3 Nf6 25. Rca1 Ra7 26. Nb3 Ng4 27. c3 Rxc3 28. d4 exd4 29. Nxd4 Rxa3 30. Rxa3 Ne5 31. Qc3 Rc7 32. Qa1 Ra7 33. f4 Nc6 34. Nc2 Kg8 35. Kh1 Nxd4 36. Qxd4 Qxd4 37. Nxd4 Rc7 38. Kg1 Rc1+ 39. Kf2 Rc4 40. Ke3 Rxb4 41. Rxa6 Rb1 42. Rxd6 b4 43.
Rb6 Bg4 44. f5 Re1+ 45. Kf4 gxf5 46. exf5 Bh3 47. f6 Bg2 48. Rb8+ 1-0

[Event "Early-Titled-Tuesday-Blitz-July-09-2024"]
[Site "Chess.com"]
[Date "2024.07.09"]
[Round "2"]
[White "EdenDzung06"]
[Black "Aragon"]
[Result "1-0"]
[WhiteElo "2456"]
[BlackElo "2161"]
[TimeControl "180+1"]
[EndTime "8:18:11 PDT"]
[Termination "EdenDzung06 won on time"]

1. d4 d5 2. c4 e6 3. Nf3 c6 4.
g3 f5 5. Bg2 Nf6 6. O-O Bd6 7. b3 O-O 8. Bb2 Ne4 9. Ne5 Nd7 10.
f4 Ndf6 11. e3 Qe8 12. Nd2 Bb4 13. Nxe4 Nxe4 14. a3 Bd2 15. Qe2 Bc3 16. Bxc3 Nxc3 17. Qd3 Ne4 18. Rac1 Bd7 19. Bxe4 fxe4 20. Qe2 Qe7 21.
Qh5 Be8 22. Qg4 Rf6 23. c5 Bg6 24. Qe2 Raf8 25. Kg2 Bf5 26. g4 Bg6 27. h4 Be8 28. g5 Rf5 29. Rh1 a6 30. Rcg1 Qc7 31. b4 Qd8 32.
Qg4 Qc7 33. h5 a5 34. Rb1 b6 35. bxa5 bxc5 36. a6 Qa7 37. Rb7 Qxa6 38. Rhb1 cxd4 39. exd4 Qxa3 40. h6 g6 41. Rg7+ Kh8 42. Rbb7 Bf7 43.
Rgxf7 R5xf7 44. Nxf7+ Kg8 45. Ne5 Qa2+ 46. Kh3 Qa3+ 47.
Kh4 Qa1 48. Qxe6+ Kh8 49. Rxh7+ Kxh7 50. Qxg6+ 1-0

[Event "Early-Titled-Tuesday-Blitz-July-09-2024"]
[Site "Chess.com"]
[Date "2024.07.09"]
[Round "2"]
[White "iwanyu"]
[Black "Ginger_GM"]
[Result "1-0"]
[WhiteElo "2881"]
[BlackElo "2599"]
[TimeControl "180+1"]
[EndTime "8:18:12 PDT"]
[Termination "iwanyu won by resignation"]

1. d4 e6 2. Bf4 b6 3. Nf3 Bb7 4. e3 d6 5. c4 Nd7 6. Nc3 h6 7. e4 g5 8. Be3 Bg7 9. d5 a6 10. Nd4 Qe7 11. dxe6 fxe6 12. Qh5+ Qf7 13. Nxe6 Bxc3+ 14. bxc3 Qxh5 15. Ng7+ Kf7 16. Nxh5 Bxe4 17. f3 Bg6 18.
Ng3 Re8 19. Kf2 Ngf6 20. h4 g4 21. h5 Bc2 22. Rc1 Ba4 23. Bd3 Ne5 24. Be2 gxf3 25. gxf3 Bc6 26. Nf5 Ke6 27. Ng7+ Kf7 28. Nxe8 Nxe8 29.
Bd4 Nf6 30. c5 bxc5 31. Bxe5 dxe5 32. Bxa6 Ra8 33. Bc4+ Bd5 34. Bxd5+ Nxd5 35. Rc2 Nf4 36. Rd2 c4 37. Rb1 Ke6 38. Rb7 Ra3 39. Rxc7 Rxc3 40. Rc6+ Kf5 41. Rxh6 e4 42. fxe4+ Ke5 43. Rh8 Kxe4 44. Re8+ Kf5 45. h6 Rh3 46. Rd4 Nd3+ 47. Ke2 Rxh6 48. Rxc4 Nf4+ 49. Kd2 Rh2+ 50. Kc3 Nd5+ 51.
Kd4 Rd2+ 52. Kc5 Nf6 53. Ra8 Ne4+ 54. Kc6 Nf6 55. a4 Ke6 56. a5 Rd6+ 57. Kb5 Nd7 58.
Rc6 1-0

[Event "Early-Titled-Tuesday-Blitz-July-09-2024"]
[Site "Chess.com"]
[Date "2024.07.09"]
[Round "2"]
[White "tomesao"]
[Black "Boundless_Strike"]
[Result "0-1"]
[WhiteElo "2414"]
[BlackElo "2780"]
[TimeControl "180+1"]
[EndTime "8:18:12 PDT"]
[Termination "Boundless_Strike won by resignation"]

1. b3 e5 2. Bb2 d6 3. e3 f5 4. Ne2 Nf6 5. d4 Nbd7 6. c4 Be7 7. dxe5 dxe5 8. Qc2 O-O 9. Nbc3 Nc5 10. Rd1 Qe8 11.
g3 c6 12. Bg2 e4 13. O-O a5 14. a3 g5 15. Ba1 Qh5 16. b4 axb4 17. axb4 Nd3 18.
c5 Ng4 19. h3 Nge5 20. Nd4 g4 21. h4 Bxh4 22. gxh4 Qxh4 23. Qb3+ Kg7 24. Nce2 Rf6 25. Rxd3 Nxd3 26. Ng3 Kf8 27. Ndxf5 Bxf5 28. Bxf6 Qxf6 29. Nxf5 Qxf5 30. Qc3 Kg8 31. Qc4+ Qf7 32. Qxe4 Rd8 33. Qxg4+ Kh8 34. Qf3 Qxf3 35. Bxf3 Ne5 36. Be2 Rd2 37. Re1 Rb2 38. f4 Ng6 39. Bd3 Ne7 40. Be2 Rxb4 41.
Kf2 Nd5 42. Rc1 Rb3 43. Bf3 Nxe3 44. Ra1 Nf5 45. Ra8+ Kg7 46. Rb8 Nd4 47. Be4 Kf6 48. Bxh7 Ne6 49. Be4 Nxc5 50. Bd3 Nxd3+ 51. Ke2 Nc5 52.
Kd2 Ne6 53. Kc2 Rb5 54. Rf8+ Nxf8 0-1

[Event "Early-Titled-Tuesday-Blitz-July-09-2024"]
[Site "Chess.com"]
[Date "2024.07.09"]
[Round "2"]
[White "KevinGeorgeMicheal"]
[Black "ShiroglanTalibov"]
[Result "1/2-1/2"]
[WhiteElo "2521"]
[BlackElo "2910"]
[TimeControl "180+1"]
[EndTime "8:18:13 PDT"]
[Termination "Game drawn by repetition"]

1. Nf3 b6 2. g3 Bb7 3. Bg2 f5 4.
O-O Nf6 5. d3 g6 6. Nbd2 Bg7 7.
e4 fxe4 8. Ng5 O-O 9. Ngxe4 Nxe4 10. Nxe4 Nc6 11. c3 e5 12. Bg5 Qe8 13. Nc5 Bc8 14. Nb3 Kh8 15. Qd2 d6 16. d4 Bb7 17. Bh6 Bxh6 18. Qxh6 Rb8 19. Rae1 Qf7 20. Qd2 exd4 21. Nxd4 Nxd4 22. Qxd4+ Kg8 23. Bxb7 Rxb7 24. c4 Rbb8 25.
b3 Rbe8 26. Qd2 Qf3 27. Rxe8 Rxe8 28. Re1 Rxe1+ 29. Qxe1 Kf7 30. Qd2 h5 31. Qh6 Qf6 32. Kg2 Ke6 33. Qh7 Qf5 34. Qxc7 Qe4+ 35. Kg1 Qb1+ 36.
Kg2 Qxa2 37. Qg7 Qc2 38. Qxa7 Qxb3 39. Qg7 Qd3 40. Qh8 Kd7 41. Qb2 Kc7 42. Qa2 Kb7 43.
Qa4 Qe4+ 44. Kg1 Qc6 45. Qb4 Qc5 46. Qb3 g5 47. Qf3+ Ka7 48. Qxh5 Qxc4 49. Qxg5 b5 50. Qe7+ Kb6 51. Qxd6+ Ka5 52. Qa3+ Qa4 53. Qc3+ Qb4 54. Qa1+ Qa4 55. Qc3+ b4 56. Qc5+ Ka6 57. Qd6+ Kb7 58.
Qe7+ Kb6 59. Qd6+ Kb7 60. Qe7+ Kc8 61. Qe6+ Kb7 62. Qe7+ 1/2-1/2

[Event "Early-Titled-Tuesday-Blitz-July-09-2024"]
[Site "Chess.com"]
[Date "2024.07.09"]
[Round "2"]
[White "Willhaven3"]
[Black "FGHSMN"]
[Result "0-1"]
[WhiteElo "2654"]
[BlackElo "2999"]
[TimeControl "180+1"]
[EndTime "8:18:14 PDT"]
[Termination "FGHSMN won by resignation"]

1. d4 Nf6 2. Nf3 b6 3. c4 Bb7 4. a3 g6 5. Bf4 Bg7 6. e3 O-O 7. h3 d6 8. Bh2 Nbd7 9. Be2 Ne4 10. O-O c5 11. Bd3 cxd4 12. exd4 d5 13. Qe2 Ndf6 14. Be5 dxc4 15. Bxc4 Rc8 16. Nbd2 Nxd2 17. Nxd2 Qd7 18. Rfe1 Rfd8 19. Rad1 e6 20. Bb5 Qd5 21. Nf3 Nh5 22. Ba6 Bxe5 23. Bxb7 Qxb7 24. dxe5 Qe7 25. Qe4 h6 26.
Nd4 Rd5 27. Nf3 Rcd8 28. Rxd5 Rxd5 29. Rc1 Qd8 30. g4 Ng7 31. Qe3 Kh7 32. Kg2 Ne8 33. Qf4 Rd7 34. h4 Nc7 35. h5 Nd5 36. hxg6+ fxg6 37. Qe4 Kg7 38. Rh1 Rf7 39. Kg3 Rf4 40. Qc2 Qf8 41. Nh4 Qf7 42. f3 g5 43. Ng2 Rxf3+ 44. Kh2 Rf2 45. Qe4 Nf4 46. Rg1 Qd7 47. Kg3 Rxg2+ 48. Rxg2 Nxg2 49. Kxg2 Qd5 50. Kf3 Qxe4+ 51. Kxe4 Kg6 52. b4 h5 53. gxh5+ Kxh5 0-1

[Event "Early-Titled-Tuesday-Blitz-July-09-2024"]
[Site "Chess.com"]
[Date "2024.07.09"]
[Round "2"]
[White "JordanLoyd2020"]
[Black "Nechitaylo_Nikita"]
[Result "1-0"]
[WhiteElo "2513"]
[BlackElo "2304"]
[TimeControl "180+1"]
[EndTime "8:18:14 PDT"]
[Termination "JordanLoyd2020 won on time"]

1. d4 Nf6 2. Bf4 e6 3. e3 d5 4.
Nf3 Bd6 5. Ne5 O-O 6. Nd2 c5 7.
c3 Qc7 8. Bd3 Nbd7 9. Ndf3 Nb6 10. h4 Ne4 11. Ng5 f6 12. Qh5 g6 13. Nxg6 hxg6 14.
Qxg6+ Qg7 15. Bxe4 Bxf4 16. Qh5 dxe4 17. Nxe4 Bc7 18.
dxc5 Nd5 19. O-O-O Bd7 20. Rh3 Be8 21. Qf3 Bg6 22.
h5 Bxe4 23. Qxe4 Rae8 24. f4 f5 25. Qf3 Kh7 26. Rg3 Qf7 27. Rg6 Rg8 28. Rh1 e5 29. g4 exf4 30. g5 Rxe3 31. Rh6+ Kg7 32. Qg2 Re6 33. Rxe6 Qxe6 34. g6 Rh8 35. h6+ Rxh6 36. Rxh6 Kxh6 37. g7 Qe1+ 38. Kc2 Ne3+ 39. Kb3 Nxg2 40.
g8=Q Qd1+ 41. Ka3 Ne3 42. Qh8+ Kg5 43. Qg7+ Kh4 44. Qxc7 Kg3 45. Qg7+ Kf3 46. Qxb7+ Kf2 47. c6 Nc2+ 48. Ka4 Nd4+ 49. Ka5 Ne6 50. Qxa7+ Kg2 51. c7 Qd5+ 52. Kb6 1-0

[Event "Early-Titled-Tuesday-Blitz-July-09-2024"]
[Site "Chess.com"]
[Date "2024.07.09"]
[Round "2"]
[White "honestgames"]
[Black "Aryan_Tamadon"]
[Result "1-0"]
[WhiteElo "2859"]
[BlackElo "2587"]
[TimeControl "180+1"]
[EndTime "8:18:16 PDT"]
[Termination "honestgames won by resignation"]

1. e4 d5 2. exd5 Qxd5 3. Nc3 Qd6 4. d4 Nf6 5. Nf3 Nc6 6. Nb5 Qd8 7. Be2 a6 8. Na3 e6 9. Nc4 b5 10. Nce5 Bb7 11.
O-O Be7 12. a4 bxa4 13. Nxc6 Bxc6 14. Ne5 Bb7 15. Bf3 Bxf3 16. Qxf3 O-O 17. Rxa4 Nd5 18. Rd1 Bf6 19. Qe2 Qc8 20. Ra3 c5 21. dxc5 Rd8 22. Nd3 Bd4 23. Ra4 Bxc5 24. Rc4 Bxf2+ 25. Nxf2 Qb7 26. Ne4 Re8 27. b3 Rad8 28. Rcd4 f5 29.
Ng5 h6 30. Nf3 e5 31. Nxe5 Nc3 32. Qc4+ Kh7 33. Rxd8 Rxd8 34. Rxd8 Qb6+ 35. Kf1 Qxd8 36. Qxc3 Qd1+ 37. Qe1 Qxc2 38. Qe3 Qd1+ 39. Kf2 Qc2+ 40.
Kg3 Qd1 41. Nf3 Qd6+ 42. Kf2 Qd5 43. Qc3 Qe4 44. Bb2 Qe7 45. Qe5 Qb7 46. Qxf5+ Kg8 47. Qd3 a5 48. Qc4+ Kh8 49. Qc3 Qa7+ 50. Qd4 Qb7 51.
Qxg7+ Qxg7 52. Bxg7+ Kxg7 53. Nd4 Kf6 54. Nc6 a4 55.
bxa4 Ke6 56. a5 Kd6 57. Nb4 Kc7 58. a6 1-0

[Event "Early-Titled-Tuesday-Blitz-July-09-2024"]
[Site "Chess.com"]
[Date "2024.07.09"]
[Round "2"]
[White "Flawless_Fighter"]
[Black "valik3504"]
[Result "1-0"]
[WhiteElo "2797"]
[BlackElo "2557"]
[TimeControl "180+1"]
[EndTime "8:18:18 PDT"]
[Termination "Flawless_Fighter won on time"]

1. g3 g6 2. Bg2 Bg7 3. d4 c5 4.
dxc5 Qa5+ 5. c3 Qxc5 6. Nf3 Nf6 7. O-O O-O 8. Nbd2 Qc7 9. Nb3 Nc6 10. Bf4 d6 11. Re1 Bf5 12. Nbd4 Be4 13. Bg5 a6 14.
Rc1 Qa5 15. h4 Qxa2 16. b4 h6 17. Bd2 Nxd4 18. Nxd4 Rfc8 19. f3 Bc6 20. Ra1 Qc4 21. e4 Bd7 22. Bf1 Qc7 23. Bd3 Bc6 24. Qe2 Nd7 25.
f4 Nf6 26. f5 Bd7 27. Kh2 h5 28. Rac1 Ng4+ 29. Kh1 d5 30. Qf3 Ne5 31. Qe2 Nxd3 32.
Qxd3 dxe4 33. Rxe4 Bxd4 34. Rxd4 Bxf5 35. Qe3 Qc6+ 36. Kg1 Bh3 37. Qf2 Rd8 38. Kh2 Bf5 39. Re1 Rxd4 40. cxd4 Qd6 41. Bf4 Qd7 42. Bg5 Be6 43.
d5 Qxd5 44. Bxe7 Qa2 45. Re2 Qb1 46. Rd2 Qf5 47. Qe3 Qh3+ 48. Kg1 Rc8 49. Rf2 Qg4 50. Bf6 Qd1+ 51. Rf1 1-0

[Event "Early-Titled-Tuesday-Blitz-July-09-2024"]
[Site "Chess.com"]
[Date "2024.07.09"]
[Round "2"]
[White "Chessgod9oninsta"]
[Black "FloMasterAAK"]
[Result "1/2-1/2"]
[WhiteElo "2798"]
[BlackElo "2575"]
[TimeControl "180+1"]
[EndTime "8:18:19 PDT"]
[Termination "Game drawn - insufficient material"]

1. d4 Nf6 2. c4 g6 3. Nc3 d5 4.
cxd5 Nxd5 5. e4 Nxc3 6. bxc3 Bg7 7. Nf3 c5 8. Bb5+ Nc6 9. O-O O-O 10. Bxc6 bxc6 11. Ba3 cxd4 12. cxd4 Bg4 13. Bc5 Qd7 14. h3 Bxf3 15. Qxf3 Rfb8 16. Rfd1 a5 17. Rac1 a4 18.
Qa3 e6 19. Rc4 e5 20. Rxa4 Rxa4 21. Qxa4 exd4 22. Rd3 h5 23. Qc4 h4 24. f4 Rb1+ 25. Kh2 Bh6 26. Rf3 d3 27. Rxd3 Bxf4+ 28. g3 hxg3+ 29.
Kg2 Qc7 30. Qd4 Be5 31. Qd8+ Qxd8 32. Rxd8+ Kh7 33. Rd7 Rb2+ 34. Kf3 Kg7 35. Bd4 Bxd4 36. Rxd4 Rxa2 37. Kxg3 Ra3+ 38. Kg4 Rc3 39. h4 Kf6 40. Kf4 Ke6 41. Rd8 Ke7 42. Rd4 c5 43. Rd5 c4 44. h5 gxh5 45. Rxh5 Ra3 46. Rc5 c3 47. Ke5 f6+ 48. Kd4 Kd6 49. Rd5+ Ke6 50. Rc5 Ra4+ 51.
Kd3 Ra3 52. Rxc3 Rxc3+ 53. Kxc3 Ke5 54. Kd3 f5 55. exf5 Kxf5 1/2-1/2

[Event "Early-Titled-Tuesday-Blitz-July-09-2024"]
[Site "Chess.com"]
[Date "2024.07.09"]
[Round "2"]
[White "slidingknight2775"]
[Black "ShahMatKanal"]
[Result "1/2-1/2"]
[WhiteElo "2774"]
[BlackElo "2557"]
[TimeControl "180+1"]
[EndTime "8:18:19 PDT"]
[Termination "Game drawn by repetition"]

1. c4 e6 2. Nf3 Nf6 3. e3 b6 4.
Nc3 Bb7 5. d4 Bb4 6. Bd2 O-O 7.
Bd3 Bxc3 8. Bxc3 Ne4 9. Bxe4 Bxe4 10. d5 exd5 11. cxd5 Re8 12. Qd4 f6 13. Nd2 Bg6 14.
h4 c5 15. Qg4 Bf7 16. Qf3 d6 17. g4 Nd7 18. Qg2 Ne5 19. O-O Qd7 20. g5 fxg5 21.
hxg5 Qg4 22. e4 Qxg2+ 23. Kxg2 b5 24. f4 Nd3 25. Rf3 c4 26. Bd4 a5 27. Rh1 Bxd5 28.
Rfh3 Rxe4 29. Nxe4 Bxe4+ 30. Kg3 Bxh1 31. Rxh1 Re8 32.
Kf3 b4 33. f5 d5 34. f6 gxf6 35. gxf6 Ne5+ 36. Kg3 Ng6 37. Rf1 Kf7 38. Rf5 Rd8 39. Rh5 Kg8 40. Rf5 Rd7 41. f7+ Rxf7 42. Rxd5 a4 43.
Rc5 c3 44. bxc3 bxc3 45. Bxc3 Ra7 46. a3 Kf7 47. Bb4 Ke6 48. Rh5 Ne5 49. Bc3 Nd3 50.
Rh6+ Kd5 51. Rh4 Nc5 52. Rd4+ Kc6 53. Rh4 Kb5 54. Bb4 Nd3 55. Bc3 Nc5 56. Bb4 Nd3 57. Bc3 Nc5 1/2-1/2

[Event "Early-Titled-Tuesday-Blitz-July-09-2024"]
[Site "Chess.com"]
[Date "2024.07.09"]
[Round "2"]
[White "atbenina64"]
[Black "SVijayalakshmi"]
[Result "1-0"]
[WhiteElo "2792"]
[BlackElo "2552"]
[TimeControl "180+1"]
[EndTime "8:18:20 PDT"]
[Termination "atbenina64 won by resignation"]

1. c4 Nf6 2. Nc3 e6 3. e4 d6 4. d4 Nbd7 5. f4 e5 6. Nf3 c5 7.
dxe5 dxe5 8. fxe5 Ng4 9. e6 fxe6 10. Ng5 Nde5 11. Qxd8+ Kxd8 12. h3 Nh6 13. Bf4 Nhf7 14.
O-O-O+ Ke7 15. Nb5 a6 16. Nd6 g6 17. Ngxf7 Nxf7 18. Nxf7 Kxf7 19. Be2 Bg7 20. Rhf1 Ke8 21. Bg5 Bd7 22.
Rxd7 Kxd7 23. Rf7+ Kc6 24. Rxg7 Raf8 25. Bf3 e5 26.
Re7 Re8 27. Rf7 Ref8 28. Rf6+ Rxf6 29. Bxf6 Re8 30. Bg5 Kd6 31. Be3 Rc8 32. Kd2 b6 33. Kc3 a5 34. Bd1 Rd8 35. Kd2 Kc7+ 36. Ke2 Kc6 37. Ke1 Rf8 38. Bg4 Kd6 39. Bf2 Rf4 40. Bf3 Rf8 41. Bg3 Ke6 42. Bh2 Rd8 43. Ke2 Rd4 44.
b3 Rd8 45. Bg4+ Kf6 46. Bg3 Rd4 47. Ke3 Rd6 48. Bh4+ Kf7 49. a3 h6 50. Be1 Kf6 51. Bc8 Rd4 52. Bd2 g5 53. Bb7 Ke7 54. Bd5 Kd6 55. Ke2 a4 56. bxa4 Rxd5 57. cxd5 c4 58. Bb4+ Kd7 59. Kd2 1-0

[Event "Early-Titled-Tuesday-Blitz-July-09-2024"]
[Site "Chess.com"]
[Date "2024.07.09"]
[Round "2"]
[White "FerAsensio2024"]
[Black "Andrey_Klymchuk"]
[Result "1/2-1/2"]
[WhiteElo "2544"]
[BlackElo "2751"]
[TimeControl "180+1"]
[EndTime "8:18:22 PDT"]
[Termination "Game drawn - insufficient material"]

1. d4 Nf6 2. Nc3 d5 3. Bf4 c5 4.
e4 Nxe4 5. Nxe4 dxe4 6. dxc5 Qa5+ 7. c3 Qxc5 8. Qa4+ Nc6 9. Qxe4 g6 10. Nf3 Bg7 11.
Rd1 O-O 12. Be3 Qa5 13. Bc4 Bf5 14. Qh4 Qc7 15. O-O h5 16. h3 a6 17. Bd3 Bxd3 18.
Rxd3 Rfd8 19. Rxd8+ Rxd8 20. Re1 b5 21. a3 Rd7 22.
Bg5 Qd8 23. Qe4 Qc7 24. a4 e6 25. axb5 axb5 26. Ra1 Qb7 27. Be3 Rd5 28. g4 hxg4 29.
hxg4 Ne5 30. Kg2 Nxf3 31. Qxf3 Rd7 32. Ra8+ Kh7 33. Qxb7 Rxb7 34. Rc8 f5 35. gxf5 exf5 36. Kf3 b4 37. Bd4 bxc3 38. bxc3 Bxd4 39. cxd4 g5 40. Rc5 Kg6 41. Rc6+ Kh5 42. Rd6 Rb3+ 43. Kg2 Kg4 44. Re6 Rd3 45. Rd6 Kf4 46. Rd7 g4 47. Rd8 Ke4 48. d5 Rxd5 49. Re8+ Kf4 50. Ra8 Rd2 51.
Ra4+ Kg5 52. Ra5 Rd4 53. Kg3 Rf4 54. Rb5 Rf3+ 55. Kg2 Kh4 56. Rb8 Ra3 57. Rh8+ Kg5 58. Rg8+ Kf4 59. Rb8 Ra5 60. Rb4+ Kg5 61. Rb8 f4 62.
Rg8+ Kh4 63. Rh8+ Rh5 64. Rg8 Rh6 65. f3 gxf3+ 66. Kxf3 Rf6 67. Rg4+ Kh5 68. Rxf4 Rxf4+ 69. Kxf4 1/2-1/2

[Event "Early-Titled-Tuesday-Blitz-July-09-2024"]
[Site "Chess.com"]
[Date "2024.07.09"]
[Round "2"]
[White "adreyd"]
[Black "pfalcon1949"]
[Result "1-0"]
[WhiteElo "2424"]
[BlackElo "1883"]
[TimeControl "180+1"]
[EndTime "8:18:23 PDT"]
[Termination "adreyd won by checkmate"]

1. d4 Nf6 2. Nf3 d5 3. Bg5 Nbd7 4. Nbd2 c5 5. e3 Qb6 6. Qc1 e6 7. c3 Be7 8. Bd3 Nf8 9. Ne5 Ng6 10. f4 O-O 11. h4 h6 12. Bxf6 Bxf6 13. Nxg6 fxg6 14. Bxg6 cxd4 15. exd4 e5 16. Qc2 exd4 17. c4 Bg4 18. f5 h5 19. c5 Qc7 20. O-O d3 21. Qxd3 Qxc5+ 22. Kh1 Bxh4 23. Rac1 Qd6 24. Nc4 Qd8 25.
Ne3 Bg3 26. Qxd5+ Kh8 27. Qxd8 Raxd8 28. Nxg4 hxg4 29. Rcd1 Be5 30. Rxd8 Rxd8 31. Bh5 g3 32. Bf3 b6 33. Re1 Kg8 34. Rxe5 Rd2 35. Bd5+ Kh7 36.
Bf3 Rxb2 37. Re1 Rxa2 38. Be4 Kh6 39. Kg1 Kg5 40. Rf1 Kg4 41. Bf3+ Kg5 42. Bd5 Rb2 43. Bc4 a5 44. Bd3 a4 45. Rf3 Rd2 46. Rxg3+ Kf4 47. Rf3+ Ke5 48. Bc4 Rc2 49. Be6 b5 50. Ra3 Rb2 51. Bd7 Kf4 52. Kh2 Kg5 53. Kh3 Rb3+ 54. Rxb3 axb3 55. Be6 Kf6 56. Bxb3 b4 57. Kg4 g6 58.
fxg6 Kxg6 59. Kf4 Kf6 60. g4 Kg7 61. g5 Kg6 62. Kg4 Kg7 63. Kf5 Kf8 64. g6 Kg7 65. Kg5 Kh8 66. Kf5 Kg7 67. Bc2 Kg8 68. Kg5 Kg7 69. Bd1 Kg8 70. Kh6 Kh8 71. g7+ Kg8 72.
Bb3# 1-0

[Event "Early-Titled-Tuesday-Blitz-July-09-2024"]
[Site "Chess.com"]
[Date "2024.07.09"]
[Round "2"]
[White "AlexandraSamaganova"]
[Black "SuperPower2011"]
[Result "0-1"]
[WhiteElo "2374"]
[BlackElo "2719"]
[TimeControl "180+1"]
[EndTime "8:18:24 PDT"]
[Termination "SuperPower2011 won on time"]

1. c4 Nf6 2. Nc3 e6 3. e4 d5 4. e5 d4 5. exf6 dxc3 6. bxc3 Qxf6 7. Nf3 Nc6 8. Bd3 Bd6 9. Be4 O-O 10. d4 Bf4 11.
O-O Ne7 12. Rb1 Bxc1 13. Qxc1 c6 14. Re1 Ng6 15. Bc2 Nf4 16. Re4 g5 17. Nxg5 Ng6 18.
Nf3 b6 19. Qh6 Bb7 20. Ne5 Qg7 21. Qh5 c5 22. Rg4 f5 23. Rg5 Rf6 24. d5 Re8 25.
d6 Rd8 26. Rd1 Kh8 27. Nf3 Bc6 28. Rg3 Be8 29. Qg5 h6 30. Qd2 f4 31. Rg4 h5 32.
Rg5 Qh6 33. h4 Nxh4 34. Qd3 Nxf3+ 35. Qxf3 Qxg5 36. Re1 Bg6 37. Bd1 Rxd6 38. Qa8+ Kg7 39. Qxa7+ Rf7 40. Qb8 Rdd7 41. Qxb6 f3 42. g3 h4 43. Qxe6 hxg3 44. Qh3 gxf2+ 45. Kxf2 Rd2+ 46. Kf1 Qg2+ 47. Qxg2 fxg2+ 48. Kg1 Rdf2 49. Be2 Be4 50. Rd1 Rxe2 51. Rc1 Rf1+ 52. Rxf1 gxf1=Q+ 53. Kxf1 Rxa2 54. Ke1 Bd3 0-1

[Event "Early-Titled-Tuesday-Blitz-July-09-2024"]
[Site "Chess.com"]
[Date "2024.07.09"]
[Round "2"]
[White "english_player_89"]
[Black "Adrian-thorsen"]
[Result "1-0"]
[WhiteElo "2527"]
[BlackElo "2321"]
[TimeControl "180+1"]
[EndTime "8:18:24 PDT"]
[Termination "english_player_89 won on time"]

1. e4 c5 2. Nf3 d6 3. g3 Nf6 4. Qe2 Nc6 5. c3 e5 6. Bg2 g6 7. O-O Bg7 8. Rd1 O-O 9. h3 Ne8 10.
Na3 f5 11. d3 f4 12. gxf4 exf4 13. d4 Qe7 14. Nc4 b5 15. Na3 a6 16. Nc2 g5 17. a4 b4 18. e5 dxe5 19. Qc4+ Kh8 20.
Qxc5 Qxc5 21. dxc5 Bb7 22. Nxg5 Rf6 23. Nxb4 Rg6 24. h4 Rc8 25. Nxc6 Bxc6 26. Bxc6 Rgxc6 27. b4 Rg6 28. Kf1 Nf6 29. Rd6 Kg8 30. Rxa6 h6 31. Ne4 Rd8 32. Nxf6+ Bxf6 33. Rd6 Rc8 34. Ke2 Kf7 35.
a5 Rgg8 36. h5 e4 37. Bxf4 Bxc3 38. Rb1 Rg4 39. Bd2 Be5 40. Rxh6 Rd8 41. Be3 Bd4 42.
Rh7+ Ke6 43. a6 Bxe3 44. Kxe3 Rd3+ 45. Ke2 Ra3 46. a7 Rf4 47. Rb2 Kd5 48. b5 Kxc5 49. b6 e3 50. fxe3 Re4 51. Rc7+ Kd6 52. Rd2+ Ke6 53.
Rd3 Ra2+ 54. Kf3 Rb4 55. b7 Rxa7 56. b8=Q Rxc7 57. Qxc7 Rf4+ 58. Qxf4 Ke7 59. Rd6 Ke8 60. Qe5+ 1-0

[Event "Early-Titled-Tuesday-Blitz-July-09-2024"]
[Site "Chess.com"]
[Date "2024.07.09"]
[Round "2"]
[White "lu1860"]
[Black "BashirovKemal"]
[Result "0-1"]
[WhiteElo "2044"]
[BlackElo "2686"]
[TimeControl "180+1"]
[EndTime "8:18:29 PDT"]
[Termination "BashirovKemal won by resignation"]

1. d4 d5 2. c4 e6 3. Nf3 Nf6 4. g3 Be7 5. Bg2 O-O 6. O-O dxc4 7. Qc2 a6 8. a4 Bd7 9. Qxc4 Bc6 10. Bf4 Nbd7 11.
Nc3 Bd6 12. Bg5 h6 13. Bxf6 Nxf6 14. Qd3 Qe7 15. e4 e5 16. dxe5 Bxe5 17. Nxe5 Qxe5 18.
Rad1 Rfe8 19. Rfe1 Re7 20. Qd4 Qxd4 21. Rxd4 Rae8 22.
f3 Kf8 23. Red1 Nd7 24. b4 Nb6 25. a5 Na4 26. Nxa4 Bxa4 27. R1d2 Re5 28. Rc4 Bc6 29. f4 Rb5 30. e5 Bxg2 31. Kxg2 c6 32. Rdd4 Ke7 33. Rc5 Rxc5 34. bxc5 f6 35. exf6+ Kxf6 36.
Kf3 Re1 37. Rb4 Re7 38. Rd4 Kf7 39. Rb4 Ke6 40. Rd4 Rf7 41. Rd6+ Ke7 42. Rd4 Kf6 43.
Ke4 Re7+ 44. Kf3 g5 45. fxg5+ hxg5 46. Rb4 Rd7 47. Ke4 Ke6 48. h4 gxh4 49. gxh4 Rh7 50. Kd3 Kd5 51. Rc4 Re7 52. h5 Rh7 53. Rb4 Kxc5 54.
Rh4 Kb5 55. h6 Kxa5 56. Ke4 b5 57. Kf5 b4 58. Kg6 Rh8 59. Kg7 Rxh6 60. Kxh6 Ka4 61.
Kg5 Ka3 62. Kf4 b3 63. Rh1 b2 64. Ke3 Ka2 65. Rh2 Ka1 66. Rh5 b1=Q 67. Ra5+ Qa2 0-1

[Event "Early-Titled-Tuesday-Blitz-July-09-2024"]
[Site "Chess.com"]
[Date "2024.07.09"]
[Round "2"]
[White "chess_peak"]
[Black "kyawmyataung2005"]
[Result "1-0"]
[WhiteElo "2538"]
[BlackElo "2345"]
[TimeControl "180+1"]
[EndTime "8:18:29 PDT"]
[Termination "chess_peak won on time"]

1. d4 Nf6 2. c4 e6 3. Nf3 d5 4.
Nc3 Be7 5. Bf4 O-O 6. e3 c6 7. h3 Nbd7 8. Rc1 b6 9. cxd5 exd5 10. Bd3 Bb7 11. O-O c5 12. Ne5 Ne4 13. Qc2 cxd4 14. Nxe4 Nxe5 15. Bxe5 dxe4 16. Bxe4 Bxe4 17. Qxe4 dxe3 18.
Qxe3 Bf6 19. Rfd1 Qe7 20. Bxf6 Qxf6 21. Rc3 Rad8 22. Rxd8 Rxd8 23. g3 h6 24. Kg2 a5 25.
Rb3 Rd6 26. Qf3 Qxf3+ 27. Kxf3 Kf8 28. Ke4 Ke7 29. Ke5 g6 30. f4 Kd7 31. f5 f6+ 32. Ke4 g5 33. Kf3 h5 34. g4 h4 35. Ke4 Kc6 36. Rc3+ Kd7 37. Rb3 Kc6 38. Rc3+ Kd7 39.
Rd3 Rxd3 40. Kxd3 Kc6 41. Kc4 b5+ 42. Kd4 Kd6 43. b3 Kc6 44. a3 Kd6 45. a4 bxa4 46. bxa4 Kc6 47. Kc4 Kb6 48. Kd5 Ka6 49. Ke6 Kb6 50.
Kxf6 Kc5 51. Kxg5 Kb4 52. f6 Kxa4 53. f7 Kb3 54. f8=Q a4 55. Kxh4 a3 56. Qg8+ Kb2 57. g5 a2 58. Qxa2+ 1-0

[Event "Early-Titled-Tuesday-Blitz-July-09-2024"]
[Site "Chess.com"]
[Date "2024.07.09"]
[Round "2"]
[White "GiorgianBarbosa"]
[Black "luggevoila"]
[Result "0-1"]
[WhiteElo "2495"]
[BlackElo "2317"]
[TimeControl "180+1"]
[EndTime "8:18:29 PDT"]
[Termination "luggevoila won by checkmate"]

1. b3 a5 2. Bb2 a4 3. bxa4 Rxa4 4. e3 Nf6 5. c4 Ra8 6. Bxf6 gxf6 7. Nf3 Rg8 8. g3 b6 9. Bg2 Bb7 10. O-O e6 11. d4 Nc6 12. Nc3 Bb4 13. Qc2 f5 14. d5 Ne7 15. Nd4 Qc8 16. e4 f4 17. e5 Bxc3 18.
Qxc3 exd5 19. Qf3 Ra4 20. Rac1 Ba8 21. Nb5 dxc4 22. Qxf4 Bxg2 23. Kxg2 Qb7+ 24. Kg1 Qc6 25. Nd4 Qc5 26. Nf5 Nxf5 27. Qxf5 Rxa2 28. Rfd1 Qc6 29.
Qxh7 Rf8 30. Qf5 b5 31. Qf4 c3 32. h4 c2 33. Re1 Qc5 34. h5 b4 35. Qf3 Qc4 36. Re3 Rb2 37. Kg2 Rb1 38. Ree1 Rxc1 39.
Rxc1 b3 40. Qa8+ Ke7 41. Qa3+ d6 42. Qa7 b2 43. Re1 c1=Q 44. exd6+ Kf6 45. Re3 Qxe3 46. fxe3 b1=Q 47. Qxc7 Qxc7 48. Kh3 Rc8 49. dxc7 Rxc7 50. h6 Rc1 51. g4 Rh1+ 52. Kg3 Qg1+ 53. Kf4 Rh4 54.
Ke4 Qxg4+ 55. Kd3 Rxh6 56. e4 Qd7+ 57. Ke3 Ke5 58. Kf3 Qd3+ 59. Kg2 Rg6+ 60. Kh2 Qe2+ 61. Kh1 Qg2# 0-1

[Event "Early-Titled-Tuesday-Blitz-July-09-2024"]
[Site "Chess.com"]
[Date "2024.07.09"]
[Round "2"]
[White "DontMessWithTheFish"]
[Black "praveenb2002"]
[Result "1-0"]
[WhiteElo "2603"]
[BlackElo "2843"]
[TimeControl "180+1"]
[EndTime "8:18:30 PDT"]
[Termination "DontMessWithTheFish won by resignation"]

1. e4 c6 2. d4 d5 3. Nc3 dxe4 4. Nxe4 Nf6 5. Nxf6+ exf6 6. c3 Bd6 7. Bd3 O-O 8.
Ne2 Re8 9. O-O Nd7 10. Ng3 Nf8 11. Be3 Qc7 12. Qd2 Be6 13. Rfe1 Rad8 14. a4 Ng6 15. Qc2 a5 16. Rad1 Bg4 17. Rc1 Kh8 18. Bc4 Nf4 19.
Qb3 Kg8 20. Bd2 Rxe1+ 21. Rxe1 h5 22. Ne4 Ne6 23. Nxd6 Rxd6 24. Qc2 g6 25. Bd3 Ng7 26. Bf4 Re6 27. Rxe6 Qxf4 28. Re1 Bf5 29. Bxf5 Nxf5 30. Qe4 Qd2 31. Qe2 Qf4 32. g3 Qg5 33. Kg2 h4 34. f4 Qh6 35. Qg4 Kg7 36. Re8 b5 37. axb5 cxb5 38. d5 b4 39. cxb4 axb4 40. Kg1 Nd6 41.
Rd8 Nb7 42. Rd7 Nc5 43. Rc7 hxg3 44. hxg3 f5 45. Qh4 Qxh4 46. gxh4 Ne4 47. Rc6 Kf8 48.
Rb6 Ke7 49. Rxb4 Kd6 50. Rb7 Kxd5 51. Rxf7 Kd4 52. Rg7 Ke3 53. Rxg6 Kxf4 54. h5 Ng5 55. h6 Nh7 56. Rg7 Nf6 57. h7 Nxh7 58. Rxh7 1-0